Map: Lightshade LE

Players

Clem - Winner!

  • Race: Terran Terran

MaxPax

  • Race: Protoss Protoss

Event: DreamHack SC2 Masters 2021 Fall

VOD

Have the link to the VOD?

Description

Time

  • Played on: Aug. 8, 2021, 11:56 a.m.
  • Length: 14:23

All games in this series

Show
View Real Time Build Order
Export as new Build Order

Clem Terran - Winner!

Build Orders:  

Get SALT Encoding   

  12  0:00  SCV  
  13  0:12  SCV  
  14  0:17  Supply Depot  
  14  0:24  SCV  
  15  0:38  SCV  
  15  0:40  Barracks  
  16  0:44  Refinery  
  16  0:50  SCV  
  17  1:02  SCV  
  18  1:15  SCV  
  19  1:26  Marine  
  19  1:27  Orbital Command  
  20  1:42  Command Center  
  20  1:45  Barracks Reactor  
  20  1:53  SCV  
  21  1:56  Supply Depot  
  21  2:05  SCV  
  22  2:09  Factory  
  22  2:17  SCV  
  22  2:22  Marine x2  
  24  2:27  Refinery  
  24  2:29  SCV  
  26  2:40  Marine x2  
  26  2:42  SCV  
  29  2:53  Widow Mine, Starport  
  29  2:54  SCV  
  29  2:57  Orbital Command  
  32  3:01  Marine  
  32  3:02  Marine  
  34  3:07  SCV  
  35  3:14  Widow Mine  
  35  3:19  SCV  
  38  3:22  Marine x2  
  38  3:24  SCV  
  41  3:27  Supply Depot  
  41  3:31  Medivac  
  41  3:32  SCV  
  44  3:35  Widow Mine  
  46  3:42  Barracks  
  46  3:47  Supply Depot  
  46  3:48  Marine, SCV x2  
  46  3:51  Marine  
  50  3:58  Factory Reactor  
  50  3:59  Engineering Bay  
  50  4:02  SCV, Starport Reactor  
  51  4:04  SCV  
  51  4:09  Marine x2  
  53  4:14  Supply Depot  
  53  4:15  SCV  
  53  4:21  SCV  
  53  4:23  Refinery  
  54  4:28  SCV  
  54  4:31  Marine  
  55  4:33  Marine, SCV  
  55  4:37  Widow Mine x2  
  60  4:40  SCV  
  60  4:41  Bunker, Barracks Tech Lab  
  59  4:45  SCV  
  59  4:47  Medivac  
  59  4:48  Marine  
  59  4:51  Marine  
  63  4:54  SCV  
  63  4:56  Terran Infantry Weapons Level 1  
  63  4:57  Supply Depot  
  64  5:01  Stimpack  
  64  5:02  Marine  
  64  5:03  Widow Mine  
  64  5:04  Widow Mine  
  64  5:06  Marine  
  70  5:11  Marine  
  70  5:12  SCV  
  70  5:14  Medivac  
  70  5:16  Barracks  
  70  5:18  SCV  
  70  5:20  Marine  
  74  5:22  Refinery  
  74  5:24  Marine, SCV  
  74  5:28  Widow Mine  
  78  5:29  Marine  
  78  5:31  SCV  
  78  5:32  Supply Depot  
  80  5:35  Widow Mine  
  80  5:38  Marine  
  80  5:39  SCV, Supply Depot  
  80  5:42  Marine  
  83  5:44  Supply Depot  
  83  5:45  SCV  
  83  5:47  Marine  
  85  5:53  Widow Mine, Medivac  
  85  5:56  SCV  
  90  5:59  Marine  
  90  6:01  Marine, Widow Mine, Medivac  
  90  6:02  SCV  
  95  6:07  Barracks Tech Lab  
  95  6:08  SCV  
  96  6:14  Marine  
  96  6:15  Supply Depot  
  96  6:17  Marine  
  99  6:20  SCV  
  99  6:25  Command Center  
  99  6:30  Medivac  
  101  6:33  Widow Mine  
  101  6:34  Marine x2, Widow Mine  
  101  6:37  Combat Shield  
  105  6:43  Marine  
  102  6:49  Marine  
  102  6:52  Marine  
  102  6:53  Terran Infantry Armor Level 1  
  102  6:54  Marine  
  102  6:56  Supply Depot  
  102  6:57  Widow Mine  
  102  6:58  Medivac  
  102  7:01  Marine  
  107  7:06  Marine  
  107  7:07  Widow Mine  
  111  7:09  Marine  
  111  7:12  Marine  
  103  7:18  Widow Mine  
  103  7:19  Marine  
  103  7:21  Barracks  
  106  7:22  Barracks  
  106  7:23  Supply Depot  
  106  7:24  Marine  
  106  7:27  SCV x2  
  105  7:30  Widow Mine  
  105  7:34  Medivac  
  105  7:35  Marine  
  106  7:39  Widow Mine  
  106  7:41  Orbital Command  
  106  7:43  SCV  
  109  7:44  SCV  
  109  7:45  Marine  
  109  7:49  Marine x2  
  113  7:53  Marine  
  113  7:55  SCV, Widow Mine  
  117  8:00  Medivac  
  117  8:03  Marine, Widow Mine  
  122  8:05  SCV  
  122  8:06  Supply Depot  
  122  8:10  SCV x2  
  122  8:11  Ghost Academy  
  122  8:12  Marine, Barracks Tech Lab  
  125  8:14  Barracks Reactor  
  125  8:16  Marauder  
  125  8:19  Marauder  
  123  8:24  Marine  
  123  8:25  Widow Mine  
  120  8:30  Widow Mine  
  120  8:31  Medivac  
  120  8:33  SCV  
  121  8:35  Marine  
  121  8:38  Armory, Marauder  
  121  8:40  Marauder x2  
  127  8:44  Marine, Medivac  
  130  8:50  Widow Mine  
  130  8:51  Marine x2  
  130  8:54  SCV  
  134  8:57  SCV  
  134  8:58  Ghost  
  134  9:00  Ghost  
  134  9:01  Marine  
  142  9:03  Widow Mine  
  142  9:06  Viking  
  142  9:07  Marine  
  142  9:08  SCV  
  142  9:09  Refinery, SCV  
  143  9:13  Marine x3  
  143  9:15  SCV  
  143  9:16  Concussive Shells  
  143  9:21  Marine, SCV  
  145  9:25  Marine, Widow Mine  
  145  9:27  Widow Mine  
  145  9:28  Marauder  
  145  9:29  Ghost  
  154  9:32  Marine x3  
  157  9:41  Terran Infantry Weapons Level 2  
  157  9:49  Command Center  
  157  9:54  Engineering Bay  
  156  10:03  Supply Depot, Liberator, Ghost x2  
  156  10:05  Supply Depot  
  163  10:07  Missile Turret  
  163  10:09  Ghost  
  163  10:13  Marine  
  165  10:21  Marine  
  165  10:25  Marine x2, Viking, Widow Mine x2  
  173  10:31  Marine  
  173  10:33  Marauder x2  
  169  10:39  Marine, Marauder  
  159  10:43  Marine  
  159  10:44  Terran Infantry Armor Level 2  
  159  10:46  Terran Ship Weapons Level 1  
  160  10:51  Refinery, Starport  
  160  10:54  SCV x2, Marauder  
  160  10:55  SCV  
  165  10:59  Marine  
  165  11:00  Marine x2, Marauder  
  164  11:07  Viking x2  
  168  11:11  Marine  
  168  11:12  SCV x2  
  168  11:15  SCV  
  169  11:19  Marauder  
  169  11:22  Ghost  
  169  11:23  Marine  
  169  11:24  Marine  
  169  11:25  Marine x2  
  169  11:30  Orbital Command  
  169  11:31  SCV  
  169  11:32  SCV  
  172  11:34  SCV  
  172  11:37  Marine  
  170  11:41  Viking  
  170  11:43  SCV  
  170  11:45  Viking  
  174  11:48  Viking  
  174  11:50  Viking  
  169  11:54  Marine x2  
  169  11:55  Marine, Marauder  
  169  11:56  Marine  
  169  11:59  Marauder  
  169  12:01  Marauder  
  177  12:05  Enhanced Shockwaves  
  170  12:13  Viking  
  168  12:17  Marauder  
  168  12:18  Marine x3  
  168  12:19  Marine  
  168  12:20  Marauder  
  168  12:22  Viking  
  178  12:26  Viking  
  178  12:28  Viking  
  178  12:29  SCV  
  181  12:30  SCV  
  181  12:31  SCV  
  181  12:35  Marauder  
  185  12:41  Ghost x2  
  185  12:43  Viking  
  190  12:46  Refinery  
  190  12:47  Refinery  
  190  12:52  Supply Depot  
  190  12:53  Viking  
  190  12:55  Ghost  
  190  12:57  Viking  
  196  13:05  Marine  
  196  13:09  Marine  
  193  13:13  Viking  
  193  13:14  Viking  
  193  13:19  Ghost  
  199  13:23  Viking  
  199  13:26  Marauder  
  197  13:27  Viking  
  197  13:28  Marine  
  194  13:42  Command Center  
  194  13:43  Viking  
  194  13:44  Viking  
  194  13:46  Marine, Missile Turret  
  199  13:48  Marauder  
  199  13:55  Marine  
Show
View Real Time Build Order
Export as new Build Order

MaxPax Protoss 

Build Orders: 1 Gate Expand, Phoenix Opening, Mass Phoenix 

Get SALT Encoding   

  12  0:00  Probe  
  13  0:12  Probe  
  14  0:16  Pylon  
  14  0:24  Probe  
  15  0:35  Gateway  
  15  0:36  Probe (Chrono Boost)  
  16  0:46  Probe (Chrono Boost)  
  16  0:47  Assimilator  
  17  0:51  Probe (Chrono Boost)  
  18  1:03  Probe  
  19  1:15  Probe  
  20  1:22  Nexus  
  20  1:32  Cybernetics Core  
  20  1:35  Probe  
  21  1:43  Assimilator  
  21  1:47  Probe  
  22  1:55  Pylon  
  22  1:59  Probe  
  23  2:13  Adept, Probe  
  26  2:20  Stargate  
  26  2:25  Probe (Chrono Boost)  
  27  2:30  Warp Gate  
  27  2:36  Probe (Chrono Boost)  
  29  2:38  Probe (Chrono Boost)  
  29  2:43  Stalker  
  32  2:45  Probe (Chrono Boost)  
  32  2:46  Probe (Chrono Boost)  
  32  2:51  Probe (Chrono Boost)  
  33  2:52  Probe (Chrono Boost)  
  35  2:59  Shield Battery  
  35  3:01  Probe  
  35  3:02  Phoenix (Chrono Boost)  
  35  3:03  Probe  
  39  3:13  Probe  
  39  3:15  Probe  
  39  3:18  Phoenix (Chrono Boost)  
  41  3:22  Pylon  
  41  3:26  Probe  
  44  3:27  Probe  
  44  3:30  Gateway  
  43  3:36  Phoenix (Chrono Boost)  
  43  3:38  Probe  
  46  3:43  Gateway  
  46  3:45  Probe  
  47  3:50  Probe  
  48  3:57  Assimilator, Probe  
  48  4:00  Pylon  
  48  4:01  Phoenix  
  48  4:02  Probe  
  52  4:09  Probe  
  53  4:19  Stalker  
  53  4:22  Nexus  
  53  4:24  Probe  
  56  4:25  Pylon  
  56  4:26  Probe  
  57  4:35  Phoenix  
  57  4:38  Probe  
  60  4:43  Twilight Council  
  60  4:46  Probe  
  60  4:50  Probe  
  55  4:53  Zealot x3  
  55  4:58  Probe  
  62  5:00  Phoenix  
  62  5:02  Probe  
  65  5:10  Probe  
  67  5:14  Probe  
  67  5:15  Shield Battery  
  67  5:19  Charge (Chrono Boost)  
  67  5:22  Probe  
  67  5:25  Pylon  
  67  5:27  Phoenix (Chrono Boost)  
  68  5:28  Probe  
  68  5:34  Zealot  
  68  5:35  Zealot, Probe  
  74  5:36  Probe  
  74  5:40  Probe  
  76  5:47  Probe  
  76  5:48  Probe  
  76  5:49  Phoenix (Chrono Boost)  
  80  5:53  Probe  
  80  5:55  Gateway x2  
  81  6:03  Probe  
  82  6:06  Sentry, Zealot x2  
  82  6:11  Gateway  
  88  6:13  Forge  
  88  6:15  Pylon  
  88  6:22  Probe  
  88  6:23  Pylon x2  
  88  6:25  Pylon  
  89  6:26  Phoenix  
  91  6:38  Zealot x3  
  93  6:51  Phoenix  
  91  6:56  Zealot x2  
  91  6:59  Zealot x3  
  92  7:12  Probe  
  89  7:15  Phoenix (Chrono Boost)  
  89  7:17  Zealot x3  
  89  7:18  Probe  
  89  7:20  Probe  
  97  7:24  Probe  
  97  7:25  Zealot x3  
  104  7:30  Protoss Ground Armor Level 1 (Chrono Boost), Probe  
  104  7:32  Probe  
  104  7:36  Probe  
  107  7:42  Phoenix (Chrono Boost), Probe  
  107  7:43  Zealot x2  
  107  7:44  Zealot  
  116  7:45  Probe  
  116  7:46  Pylon, Robotics Facility  
  116  7:48  Probe  
  116  7:51  Zealot x3  
  122  8:05  Zealot x2  
  124  8:06  Zealot  
  124  8:12  Zealot x2  
  126  8:19  Phoenix (Chrono Boost)  
  120  8:25  Zealot x2  
  106  8:41  Forge, Phoenix (Chrono Boost)  
  106  8:43  Assimilator x2, Zealot x3  
  106  8:46  Robotics Bay  
  106  8:48  Robotics Facility, Probe  
  115  8:52  Gateway  
  115  8:53  Probe  
  115  8:54  Gateway, Probe  
  117  8:57  Zealot  
  117  8:58  Zealot  
  117  9:00  Probe  
  118  9:10  Protoss Ground Weapons Level 1 (Chrono Boost), Phoenix  
  121  9:20  Photon Cannon  
  121  9:22  Zealot x5  
  128  9:25  Pylon  
  128  9:28  Pylon, Observer (Chrono Boost)  
  129  9:38  Pylon  
  129  9:40  Pylon  
  137  9:50  Colossus (Chrono Boost)  
  141  9:55  Photon Cannon  
  141  9:56  Colossus (Chrono Boost)  
  141  9:59  Probe x2  
  143  10:02  Phoenix  
  143  10:06  Extended Thermal Lance (Chrono Boost)  
  145  10:11  Probe  
  146  10:25  Zealot x3  
  150  10:29  Nexus  
  150  10:34  Pylon  
  126  10:37  Zealot x4  
  126  10:40  Colossus (Chrono Boost)  
  102  10:54  Sentry  
  102  10:55  Zealot x2  
  114  11:05  Photon Cannon  
  114  11:06  Shield Battery  
  114  11:08  Sentry, Zealot x2  
  114  11:09  Colossus (Chrono Boost)  
  120  11:11  Shield Battery  
  112  11:18  Phoenix  
  112  11:23  Zealot x3  
  112  11:24  Zealot  
  113  11:25  Colossus (Chrono Boost)  
  113  11:32  Zealot x3  
  123  11:43  Phoenix  
  123  11:45  Stalker  
  123  11:47  Zealot x3  
  129  12:04  Zealot x3  
  127  12:08  Phoenix  
  127  12:13  Zealot x3  
  131  12:37  Phoenix (Chrono Boost)  
  131  12:41  Stalker x2  
  131  12:42  Zealot x5  
  129  12:54  Nexus  
  129  12:57  Pylon  
  129  13:12  Phoenix (Chrono Boost)  
  123  13:15  Zealot x5  
  125  13:28  Shield Battery  
  125  13:29  Sentry x2  
  117  13:35  Phoenix (Chrono Boost)  
  109  13:46  Zealot x4  
  117  13:50  Shield Battery  
  117  13:55  Zealot x3  

Tags
 
Add a new tag
Caveats
  • Supply blocks, unpowered buildings, or Contaminate may cause inaccurate times.
  • Supply counts are checked every 10 seconds.